 Dungeon Crawl Stone Soup version 0.24.0-123-gd5b16e6ec5 (webtiles) character file.

Game seed: 10949138280231021105, levelgen mode: deterministic

141 FishyPogo the Charmwright (level 5, 0/64 HPs)
             Began as a Gnoll Skald on Jan 25, 2020.
             Was an Initiate of Okawaru.
             Slain by a giant cockroach (2 damage)
             ... on level 3 of the Dungeon.
             The game lasted 00:05:55 (2345 turns).

FishyPogo the Charmwright (Gnoll Skald)             Turns: 2345, Time: 00:05:55

Health: 0/64       AC: 22    Str: 15    XL:     5   Next: 24%
Magic:  12/12      EV:  2    Int: 15    God:    Okawaru [......]
Gold:   90         SH:  0    Dex: 14    Spells: 3/14 levels left

rFire    . . .     SeeInvis .   f - +1 dagger (speed)
rCold    . . .     Gourm    .   (no shield)
rNeg     + + +     Faith    .   (armour currently unavailable)
rPois    +         Spirit   .   (helmet currently unavailable)
rElec    .         Reflect  .   (cloak currently unavailable)
rCorr    .         Harm     .   (gloves currently unavailable)
MR       .....     NoTele   +   (boots currently unavailable)
Stlth    ++........             (no amulet)
HPRegen  0.20/turn              (no ring)
MPRegen  0.13/turn              (no ring)

@: tree-form, invisible
A: distributed training, strong nose
a: Renounce Religion


You were on level 3 of the Dungeon.
You worshipped Okawaru.
Okawaru was noncommittal.
You were not hungry.
You were a tree.
You visited 1 branch of the dungeon, and saw 3 of its levels.

You collected 90 gold pieces.

Inventory:

Hand Weapons
 a - a +0 hand axe
 b - a +0 hunting sling
 f - a +1 dagger of speed (weapon)
Missiles
 m - 77 stones (quivered)
 n - 16 sling bullets
 o - 13 poisoned darts
 r - 5 javelins
Armour
 e - a +1 robe of magic resistance (melded)
 p - a scarf of repulsion (melded)
Scrolls
 c - 2 scrolls of enchant armour {unknown}
 i - 3 scrolls of identify {unknown}
 j - 2 scrolls of immolation {unknown}
 k - 2 scrolls of enchant weapon {unknown}
 l - a scroll of random uselessness {unknown}
 q - a scroll of remove curse {unknown}
 t - a scroll of teleportation {unknown}
Comestibles
 d - 7 rations
 s - 4 chunks of flesh


   Skills:
 + Level 4.7 Fighting
 + Level 1.4 Short Blades
 + Level 1.4 Long Blades
 + Level 4.7 Axes
 + Level 1.4 Maces & Flails
 + Level 1.4 Polearms
 + Level 1.4 Staves
 + Level 1.4 Slings
 + Level 1.4 Bows
 + Level 1.4 Crossbows
 + Level 1.4 Throwing
 + Level 2.9 Armour
 + Level 4.7 Dodging
 + Level 1.4 Stealth
 + Level 1.4 Shields
 + Level 1.4 Unarmed Combat
 + Level 5.1 Spellcasting
 + Level 1.1 Conjurations
 + Level 1.1 Hexes
 + Level 5.5 Charms
 + Level 1.1 Summonings
 + Level 1.1 Necromancy
 + Level 1.1 Translocations
 + Level 1.1 Transmutations
 + Level 1.1 Fire Magic
 + Level 1.1 Ice Magic
 + Level 1.1 Air Magic
 + Level 1.1 Earth Magic
 + Level 1.1 Poison Magic
 + Level 1.5 Invocations
 + Level 1.4 Evocations


You had 3 spell levels left.
You knew the following spells:

 Your Spells              Type           Power        Failure   Level  Hunger
h - Regeneration          Chrm/Necr      ##........   12%         3    ###....
n - Spectral Weapon       Hex/Chrm       ##......     12%         3    ###....
p - Shroud of Golubria    Chrm/Tloc      ##....       6%          2    ##.....
u - Song of Slaying       Chrm           ###.....     2%          2    ##.....
y - Infusion              Chrm           ###.         1%          1    None

Your spell library contained the following spells:

 Spells                   Type           Power        Failure   Level  Hunger


Dungeon Overview and Level Annotations

Branches:
Dungeon (3/15)

Altars:
Fedhas
Makhleb
Okawaru
Ru
Zin


Innate Abilities, Weirdness & Mutations

Your experience applies equally to all skills.
((You have very sharp teeth.))
Your uncanny sense of smell can sniff out nearby items.


Message History

You closely miss the orc wizard.
The orc wizard is lightly wounded.
The orc wizard hits you but does no damage.
You hit the orc wizard.
The orc wizard is lightly wounded.
The orc wizard casts a spell at you. The magic dart hits you!
* * * LOW HITPOINT WARNING * * *
It was a potion of lignification.
You turn into a tree.
Your scarf of repulsion melds into your body.
Your +1 robe of magic resistance melds into your body.
The haze of the repulsion field disappears.
You feel less resistant to hostile enchantments.
Your roots penetrate the ground.
The orc wizard gestures wildly while chanting.
The orc wizard blinks!
It was a potion of invisibility.
You fade into invisibility!
The giant cockroach bites you.
You die...

#. #. #. ∆ ##. ##
... . ##. #.#
.#....
∆####.####......
###.#....♣o....o...
.......s##....###
..# ..
#.#.#.....##.#
#.##.. #...#...###
# #..#.# ##..#..##
#....## #.....#
##.#....###....##
..... #.#.[...##
#..####...#..##


You could see an orc priest, an orc wizard and a giant cockroach.

Vanquished Creatures
  An orc wizard (D:3)
  4 gnolls (D:2)
  2 adders (D:2)
  2 worms (D:2)
  A dart slug (D:2)
  3 orcs (D:3)
  2 bats
  5 giant cockroaches
  5 goblins
  4 hobgoblins
  2 jackals (D:1)
  5 kobolds
  2 quokkas
  A ball python (D:2)
  2 frilled lizards
  5 rats
46 creatures vanquished.

Notes
Turn   | Place    | Note
-------+----------+-------------------------------------------
     0 | D:1      | FishyPogo the Gnoll Skald began the quest for the Orb.
     0 | D:1      | Reached XP level 1. HP: 20/20 MP: 6/6
   118 | D:1      | Reached XP level 2. HP: 24/26 MP: 7/7
   816 | D:2      | Reached XP level 3. HP: 18/31 MP: 9/9
   824 | D:2      | Learned a level 2 spell: Song of Slaying
   827 | D:2      | Learned a level 2 spell: Shroud of Golubria
   831 | D:2      | Learned a level 3 spell: Regeneration
   835 | D:2      | Learned a level 3 spell: Spectral Weapon
   861 | D:2      | Reached skill level 5 in Spellcasting
   928 | D:2      | Reached skill level 1 in Invocations
   974 | D:2      | Found a blossoming altar of Fedhas.
  1233 | D:2      | Reached skill level 1 in Short Blades
  1233 | D:2      | Reached skill level 1 in Long Blades
  1233 | D:2      | Reached skill level 1 in Maces & Flails
  1233 | D:2      | Reached skill level 1 in Polearms
  1233 | D:2      | Reached skill level 1 in Staves
  1233 | D:2      | Reached skill level 1 in Slings
  1233 | D:2      | Reached skill level 1 in Bows
  1233 | D:2      | Reached skill level 1 in Crossbows
  1233 | D:2      | Reached skill level 1 in Throwing
  1233 | D:2      | Reached skill level 1 in Stealth
  1233 | D:2      | Reached skill level 1 in Shields
  1233 | D:2      | Reached skill level 1 in Unarmed Combat
  1233 | D:2      | Reached skill level 1 in Evocations
  1233 | D:2      | Reached XP level 4. HP: 28/38 MP: 11/11
  1265 | D:2      | Found a sacrificial altar of Ru.
  1580 | D:2      | Found a burning altar of Makhleb.
  1580 | D:2      | Found a glowing silver altar of Zin.
  1581 | D:2      | Noticed an angel
  1581 | D:2      | Noticed a balrug
  1687 | D:2      | Found an iron altar of Okawaru.
  1696 | D:2      | Became a worshipper of Warmaster Okawaru
  1884 | D:2      | Reached skill level 1 in Conjurations
  1884 | D:2      | Reached skill level 1 in Hexes
  1884 | D:2      | Reached skill level 1 in Summonings
  1884 | D:2      | Reached skill level 1 in Necromancy
  1884 | D:2      | Reached skill level 1 in Translocations
  1884 | D:2      | Reached skill level 1 in Transmutations
  1884 | D:2      | Reached skill level 1 in Fire Magic
  1884 | D:2      | Reached skill level 1 in Ice Magic
  1884 | D:2      | Reached skill level 1 in Air Magic
  1884 | D:2      | Reached skill level 1 in Earth Magic
  1884 | D:2      | Reached skill level 1 in Poison Magic
  2175 | D:3      | Reached XP level 5. HP: 16/43 MP: 12/12
  2343 | D:3      | HP: 1/43 [orc wizard/magic dart (9)]
  2345 | D:3      | Slain by a giant cockroach

Levels and vault maps discovered:
D:1:      lemuel_arrival_hallway, layout_basic
D:2:      minmay_door_path, layout_basic,
          grunt_temple_overflow_order_and_chaos_2, fedhas_altar_2,
          okawaru_trees_2, nicolae_ru_path_of_blood
D:3:      layout_rooms, nicolae_gozag_seed_capital, minmay_misc_feat_tower,
          uniq_natasha

Skill      XL: |  1  2  3  4 |
---------------+-------------+-----
Spellcasting   | 5 |  5.1
Invocations    | 1 |  1.5
Short Blades   | 1 |  1.4
Long Blades    | 1 |  1.4
Maces & Flails | 1 |  1.4
Polearms       | 1 |  1.4
Staves         | 1 |  1.4
Slings         | 1 |  1.4
Bows           | 1 |  1.4
Crossbows      | 1 |  1.4
Throwing       | 1 |  1.4
Stealth        | 1 |  1.4
Shields        | 1 |  1.4
Unarmed Combat | 1 |  1.4
Evocations     | 1 |  1.4
Conjurations   | 1 |  1.1
Hexes          | 1 |  1.1
Summonings     | 1 |  1.1
Necromancy     | 1 |  1.1
Translocations | 1 |  1.1
Transmutations | 1 |  1.1
Fire Magic     | 1 |  1.1
Ice Magic      | 1 |  1.1
Air Magic      | 1 |  1.1
Earth Magic    | 1 |  1.1
Poison Magic   | 1 |  1.1
Fighting       | |  4.7
Axes           | |  4.7
Armour         | |  2.9
Dodging        | |  4.7
Charms         | |  5.5

Action                   |  1- 3 |  4- 6 || total
-------------------------+-------+-------++-------
Melee: Hand axe          |    77 |     5 ||    82
       Bite              |     5 |    11 ||    16
       Dagger            |       |    94 ||    94
 Fire: Hunting sling     |    19 |       ||    19
Throw: Stone             |     5 |       ||     5
 Cast: Regeneration      |     2 |       ||     2
       Shroud of Golubri |     1 |       ||     1
       Infusion          |     1 |       ||     1
  Use: Potion            |       |     2 ||     2
 Stab: Distracted        |     1 |       ||     1
       Sleeping          |     1 |       ||     1
  Eat: Chunk             |     1 |     4 ||     5
Armor: Leather armour    |     4 |       ||     4
       Robe              |    11 |     9 ||    20
Dodge: Dodged            |    54 |    52 ||   106
       Deflected         |       |     1 ||     1
